 Dungeon Crawl Stone Soup version 0.31-a0-1338-gb567cfdca4 (webtiles) character file.

Game seed: 1402511943119928966

28810 croobank the Covert (level 13, -6/93 HPs)
             Began as a Human Hunter on Dec 21, 2023.
             Was an Elder of Hepliaklqana.
             Killed from afar by Azrael (46 damage)
             ... with damnation
             ... on level 12 of the Dungeon on Dec 22, 2023.
             The game lasted 01:41:04 (10043 turns).

croobank the Covert (Human Hunter)                 Turns: 10043, Time: 01:41:05

Health: -6/93      AC: 20    Str: 14    XL:     13   Next: 41%
Magic:  19/19      EV: 17    Int: 18    God:    Hepliaklqana [****..]
Gold:   507        SH:  0    Dex: 20    Spells: 12/12 levels left

rFire   + . .        m - +5 sling of Gijawan {flame, Will- Str+4 Int+4}
rCold   . . .        (no shield)
rNeg    . . .        C - +6 ring mail "Qejom" {Harm rElec rC+ Str-2}
rPois   +            a - +2 hat {Int+3}
rElec   +            L - +2 cloak
rCorr   .            K - +0 pair of gloves of the Blizzard {Slay+2}
SInv    .            l - +2 pair of boots
Will    .....        f - amulet of regeneration
Stlth   ++++         y - ring of poison resistance
HPRegen 1.15/turn    I - ring of fire
MPRegen 0.16/turn

%: harm (+30% outgoing, +20% incoming)
@: invisible
A: reduced essence, explore regen
a: Renounce Religion, Recall Ancestor, Ancestor Identity, Transference, Idealise


You were on level 12 of the Dungeon.
You worshipped Hepliaklqana.
Hepliaklqana was greatly pleased with you.
You visited 1 branch of the dungeon, and saw 12 of its levels.
You also visited: Ossuary and Bailey.

You collected 882 gold pieces.
You spent 375 gold pieces at shops.

Inventory:

Hand Weapons
 c - a +4 quarterstaff of chaos
 d - a +1 vampiric halberd
 j - a +0 spear
 k - a +0 war axe
 m - the +5 sling of Gijawan (weapon) {flame, Will- Str+4 Int+4}
   (You acquired it in an ossuary)

   Str+4:     It affects your strength (+4).
   Int+4:     It affects your intelligence (+4).
   Will-:     It decreases your willpower.
 p - a +1 orcbow
 q - a +5 hand axe
 v - a +2 heavy war axe
 x - a +0 morningstar of draining
 G - a +4 scimitar of flaming
 N - a +2 vampiric dagger
 R - a +1 demon whip of venom
 T - a +1 antimagic orcbow
 V - a +0 arbalest
Missiles
 e - 44 poisoned darts
 w - a boomerang
 P - 2 curare-tipped darts
 W - a throwing net
Armour
 a - a +2 hat of intelligence (worn)
 h - a +3 ring mail of cold resistance
 l - a +2 pair of boots (worn)
 C - the +6 ring mail "Qejom" (worn) {Harm rElec rC+ Str-2}
   (You found it on level 8 of the Dungeon)

   Str-2:     It affects your strength (-2).
   rC+:       It protects you from cold.
   rElec:     It insulates you from electricity.
   Harm:      It increases damage dealt and taken.
 D - the +0 robe of the Teacher {rPois}
   (You found it in a bailey)

   rPois:     It protects you from poison
 H - +2 ice dragon scales
 K - the +0 pair of gloves of the Blizzard (worn) {Slay+2}
   (You bought it in a shop on level 4 of the Dungeon)

   Slay+2:    It affects your accuracy & damage with ranged weapons and melee
   (+2).
 L - a +2 cloak (worn)
 M - +0 storm dragon scales
 Q - a +0 pair of gloves of hurling
Jewellery
 f - an amulet of regeneration (around neck)
 s - an amulet of magic regeneration
 y - a ring of poison resistance (left hand)
 I - a ring of fire (right hand)
 U - an amulet of reflection
Wands
 b - a wand of iceblast (13)
 g - a wand of digging (4)
 t - a wand of flame (48)
Scrolls
 n - 5 scrolls of noise
 o - 4 scrolls of teleportation
 S - 2 scrolls of enchant weapon
 X - a scroll of identify
Potions
 i - 3 potions of enlightenment
 r - a potion of ambrosia
 u - 2 potions of mutation
 z - a potion of heal wounds
 A - 7 potions of curing
 B - 2 potions of attraction
 E - 4 potions of might
 J - 3 potions of haste
 Y - 2 potions of resistance
Miscellaneous
 O - a phantom mirror (inert)


   Skills:
 + Level 10.5 Fighting
 + Level 11.1 Ranged Weapons
 + Level 10.5 Dodging
 + Level 11.3 Stealth
 - Level 9.0 Invocations


You had 12 spell levels left.
You didn't know any spells.
Your spell library contained the following spells:

 Spells                   Type           Power      Damage    Failure   Level
 Apportation              Tloc           0%         N/A       41%         1
 Magic Dart               Conj           0%         1d3       41%         1
 Jinxbite                 Hex            0%         N/A       56%         2
 Searing Ray              Conj           0%         2d4       56%         2
 Call Canine Familiar     Summ           0%         N/A       80%         3
 Fugue of the Fallen      Necr           0%         N/A       80%         3
 Ozocubu's Armour         Ice            0%         N/A       80%         3
 Sigil of Binding         Hex            0%         N/A       80%         3
 Animate Armour           Summ/Erth      0%         N/A       99%         4
 Dimensional Bullseye     Hex/Tloc       0%         N/A       99%         4
 Fulminant Prism          Conj/Alch      0%         3d5       99%         4
 Manifold Assault         Tloc           0%         N/A       99%         4
 Summon Lightning Spire   Summ/Air       0%         N/A       99%         4
 Alistair's Intoxication  Alch           0%         N/A       100%        5
 Lee's Rapid Deconstruct  Erth           0%         3d4*      100%        5


Dungeon Overview and Level Annotations

Branches:
Dungeon (12/15)            Temple (0/1) D:4            Lair (0/5) D:10
    Orc (0/2) D:10        Ossuary (visited)          Bailey (visited)

Altars:
Ashenzari
Elyvilon
Hepliaklqana
Qazlal
Trog
Zin
The Shining One

Shops:
D:3 (   D:4 [   D:8 (   D:9 (   D:12 [*

Annotations:
D:4 2 transporters, justen's ghost, novice HOCA
D:5 1 runed translucent door, Azoth's ghost, amateur DsAl
D:12 Azrael


Innate Abilities, Weirdness & Mutations

Your life essence is reduced to manifest your ancestor. (-10% HP)
You regain HP and MP as you explore.


Message History

The sling bullet hits the fire elemental.
The fire elemental is lightly damaged.
The fire elemental misses you. The fire elemental hits you.
The fire elemental burns you! You resist.
Fire: m) +5 sling of Gijawan {flame, Will- Str+4 Int+4}
Press: ? - help, Q - select action, (/) - cycle Shift-Dir - straight line, f/p - Azrael
Aim: Azrael, wielding a +1 scimitar of flaming (lightly wounded, 86% to hit)
You shoot a sling bullet.
The sling bullet hits the fire elemental.
The fire elemental is moderately damaged.
The fire elemental misses you. Azrael gestures at you.
The fireball explodes!
The fireball engulfs the fire elemental.
The fire elemental completely resists.
The fireball engulfs Azrael.
Azrael completely resists.
The fireball engulfs the fire elemental.
The fire elemental completely resists.
The fireball engulfs you!! You resist.
* * * LOW HITPOINT WARNING * * *
Fire: m) +5 sling of Gijawan {flame, Will- Str+4 Int+4}
Press: ? - help, Q - select action, (/) - cycle Shift-Dir - straight line, f/p - Azrael
Aim: Azrael, wielding a +1 scimitar of flaming (lightly wounded, 86% to hit)
You shoot a sling bullet.
The sling bullet barely misses the fire elemental.
The sling bullet hits Azrael but does no damage.
Azrael is lightly wounded.
The fire elemental hits you. The fire elemental burns you! You resist.
* * * LOW HITPOINT WARNING * * *
You feel much better. The fire elemental hits you.
The fire elemental burns you! You resist.
You fade into invisibility!
The fire elemental closely misses you. The fire elemental misses you.
Azrael gestures at you.
The sphere of damnation explodes!
The damnation engulfs the fire elemental!
The damnation engulfs Azrael.
Azrael completely resists.
The damnation engulfs the fire elemental!!
The fire elemental is destroyed!
The damnation engulfs you!!!
You die...

#..○###.##.#
#.######.###.#.
#..#○#°##.##.# #.#
#.##....
#.°.○°h○...#.# #.#
#.......
##.#○#○##..#.# #.#
####...#
##...###..#.## #.#
##.## .............#
#.# #.#
###########.#..# #.#
#.#
####..........R####.#
#.#
.....##>....#..E@...#
#.#
#######.#####..######
.# # #!# #..# ### #
#.# #..# #.. # ####.#
#..## #.# # #....#
#...## #.# ## #.####
#....# #.# .###.#
##..## #.# #.##.####
#..# #.#


You could see Azrael (wandering, unable to see you) and a fire elemental
(wandering, unable to see you).

Vanquished Creatures
  Gastronok (D:8)
  Harold (D:11)
  Erica (D:11)
  A two-headed ogre (D:12)
  3 death yaks (D:10)
  Amaemon (D:9)
  A cyclops (D:11)
  An orange demon (D:9)
  Jeremiah (D:7)
  2 gargoyles
  3 trolls
  A shadow (D:11)
  A vampire (D:10)
  A fire elemental (D:12)
  13 yaks
  A wraith (D:12)
  2 wyverns
  A warg (D:10)
  A hell hound (D:12)
  An acid dragon (D:12)
  2 water moccasins
  6 orc warriors
  A sky beast (D:7)
  A black bear (D:5)
  2 ogres
  8 centaurs
  An elf zombie (Ossuary)
  A phantom (D:5)
  2 kobold brigands
  2 scorpions (D:5)
  A bullfrog (D:7)
  3 wights (D:7)
  6 vampire bats (Bailey)
  2 wolf zombies (Bailey)
  6 jellies
  8 orc priests
  A human zombie (Ossuary)
  Crazy Yiuf (D:5)
  4 hounds
  An iguana (D:3)
  Natasha (D:4)
  8 orc wizards
  5 mummies
  3 hound zombies (Ossuary)
  Robin (D:4)
  5 adders
  A bombardier beetle (D:5)
  A white imp (D:6)
  2 worms
  6 dart slugs (D:4)
  41 orcs
  7 endoplasms
  A giant cockroach (D:4)
  2 gnoll zombies (Ossuary)
  18 goblins
  8 hobgoblins
  2 jackals (D:1)
  18 kobolds
  9 quokkas
  7 ball pythons
  4 bats
  3 frilled lizards (D:1)
  A goblin zombie (D:4)
  2 hobgoblin zombies (Ossuary)
  A jackal zombie (Ossuary)
  A kobold zombie (D:4)
  17 orc zombies (Bailey)
  2 rats
  2 rat zombies (Ossuary)
276 creatures vanquished.

Vanquished Creatures (collateral kills)
  Snorg (D:12)
  2 two-headed ogres
  2 death yaks (D:10)
  A vampire (Bailey)
  A fire elemental (D:12)
  A yak (D:10)
  2 hell hounds (D:12)
  2 orc warriors
  An ice beast (D:7)
  A centaur (D:7)
  An ogre (D:6)
  2 kobold brigands
  A bullfrog (D:9)
  3 wolf zombies (Bailey)
  A hound (D:6)
  An orc priest (D:8)
  6 orc wizards
  2 adders (D:6)
  5 orc zombies (Bailey)
  6 orcs
42 creatures vanquished.

Vanquished Creatures (others)
  A fire elemental (D:12)
  14 hexers
15 creatures vanquished.

Grand Total: 333 creatures vanquished

Notes
Turn   | Place    | Note
-------+----------+-------------------------------------------
     0 | D:1      | croobank the Human Hunter began the quest for the Orb.
     0 | D:1      | Reached XP level 1. HP: 16/16 MP: 1/1
    74 | D:1      | Reached XP level 2. HP: 20/22 MP: 2/2
   691 | D:2      | Reached XP level 3. HP: 28/28 MP: 3/3
  1053 | D:3      | Found Dezxutes's Weapon Shoppe.
  1295 | D:3      | Reached XP level 4. HP: 34/34 MP: 4/4
  1360 | D:3      | Found a white marble altar of Elyvilon.
  1401 | D:3      | Found a broken altar of Ashenzari.
  1436 | D:3      | Found a glowing golden altar of the Shining One.
  1447 | D:3      | Found a hazy altar of Hepliaklqana.
  1451 | D:3      | Became a worshipper of Hepliaklqana the Forgotten
  1796 | D:4      | Reached XP level 5. HP: 41/41 MP: 5/5
  1821 | D:4      | Found a staircase to the Ecumenical Temple.
  1847 | D:4      | Found a sand-covered staircase.
  1861 | Ossuary  | Entered an ossuary
  1878 | Ossuary  | Identified a scroll of acquirement
  1878 | Ossuary  | Acquired the +5 sling of Gijawan {flame, Will- Str+4 Int+4}
  1909 | Ossuary  | Reached XP level 6. HP: 31/47 MP: 6/6
  1936 | Ossuary  | Reached skill level 5 in Ranged Weapons
  2175 | D:4      | Found a transporter.
  2177 | D:4      | Noticed justen's ghost (novice HOCA)
  2192 | D:4      | Found a transporter.
  2243 | D:4      | Found a stormy altar of Qazlal.
  2343 | D:4      | Noticed Robin
  2370 | D:4      | Killed Robin
  2593 | D:4      | Noticed Natasha
  2600 | D:4      | Killed Natasha
  2637 | D:4      | Reached XP level 7. HP: 54/54 MP: 7/7
  2657 | D:4      | Found Qupnopn's Antique Armour Emporium.
  2665 | D:4      | Bought a pair of jewelled gloves for 180 gold pieces
  2665 | D:4      | Identified the +0 pair of gloves of the Blizzard {Slay+2}
                  | (You bought it in a shop on level 4 of the Dungeon)
  2829 | D:4      | Reached * piety under Hepliaklqana
  3097 | D:5      | Entered Level 5 of the Dungeon
  3553 | D:5      | Found a runed translucent door.
  3562 | D:5      | Noticed Azoth's ghost (amateur DsAl)
  3659 | D:5      | Reached XP level 8. HP: 54/54 MP: 8/8
  3713 | D:5      | Found a runed translucent door.
  3714 | D:5      | Noticed Crazy Yiuf
  3720 | D:5      | Killed Crazy Yiuf
  3846 | D:5      | Reached skill level 5 in Dodging
  3846 | D:5      | Reached skill level 5 in Stealth
  3959 | D:5      | Reached ** piety under Hepliaklqana
  3960 | D:5      | Remembered your ancestor Quintus as a hexer
  3963 | D:5      | Reached skill level 5 in Fighting
  4404 | D:6      | Reached XP level 9. HP: 62/62 MP: 9/9
  4778 | D:7      | Noticed Jeremiah
  4795 | D:7      | Killed Jeremiah
  5176 | D:7      | Found a bloodstained altar of Trog.
  5690 | D:8      | Noticed Gastronok
  5709 | D:8      | Killed Gastronok
  5710 | D:8      | Reached XP level 10. HP: 50/71 MP: 10/10
  5858 | D:8      | Identified the +6 ring mail "Qejom" {Harm rElec rC+ Str-2}
  5929 | D:8      | Found Isatt's Weapon Boutique.
  5935 | D:8      | Reached *** piety under Hepliaklqana
  6236 | D:9      | Found a flagged portal.
  6255 | Bailey   | Entered a bailey
  6612 | Bailey   | Noticed a gargoyle
  6619 | Bailey   | Killed a gargoyle
  6643 | Bailey   | Identified the +0 robe of the Teacher {rPois}
  6736 | D:9      | Noticed an orange demon
  6736 | D:9      | Noticed Amaemon
  6759 | D:9      | Killed Amaemon
  6760 | D:9      | Killed an orange demon
  6761 | D:9      | Reached XP level 11. HP: 49/78 MP: 11/11
  7046 | D:9      | Found Gipliemohy's Antique Weapon Shop.
  7084 | D:9      | Bought a runed orcbow for 195 gold pieces
  7518 | D:10     | Entered Level 10 of the Dungeon
  7628 | D:10     | Found a staircase to the Orcish Mines.
  7992 | D:10     | Noticed a two-headed ogre
  7996 | D:10     | Killed a two-headed ogre
  8021 | D:10     | Noticed a death yak
  8022 | D:10     | Noticed a death yak
  8022 | D:10     | Noticed a death yak
  8026 | D:10     | Noticed a death yak
  8029 | D:10     | Noticed a death yak
  8038 | D:10     | Killed a death yak
  8053 | D:10     | Reached skill level 10 in Stealth
  8068 | D:10     | Killed a death yak
  8069 | D:10     | Reached skill level 10 in Ranged Weapons
  8075 | D:10     | Killed a death yak
  8076 | D:10     | Killed a death yak
  8084 | D:10     | Killed a death yak
  8109 | D:10     | Found a staircase to the Lair.
  8196 | D:10     | Found a glowing silver altar of Zin.
  8201 | D:10     | Reached XP level 12. HP: 87/87 MP: 12/12
  8343 | D:10     | Reached XP level 13. HP: 92/92 MP: 12/19
  8470 | D:11     | Reached skill level 10 in Fighting
  8470 | D:11     | Reached skill level 10 in Dodging
  8745 | D:11     | Noticed Harold
  8816 | D:11     | Killed Harold
  9176 | D:11     | Noticed Erica
  9184 | D:11     | Killed Erica
  9555 | D:12     | Reached **** piety under Hepliaklqana
  9639 | D:12     | Found Vubea's Assorted Antiques.
  9810 | D:12     | Found Xoalocer's Armour Shop.
  9830 | D:12     | Noticed Snorg
  9837 | D:12     | Killed Snorg
 10007 | D:12     | Noticed Azrael
 10043 | D:12     | Killed from afar by Azrael

Illustrated notes

Levels and vault maps discovered:
D:1:      matt_arrival_diagonals, layout_loops_ring, minmay_stone_trees_small
D:2:      layout_rooms
D:3:      layout_rooms, nicolae_overflow_quartered_altars, serial_shops,
          nicolae_shop_bloodbath_and_beyond
D:4:      kennysheep_slugbush, layout_layer_cave,
          nicolae_qazlal_eye_of_the_storm, minmay_temple_entry_proselytizer,
          serial_shops, shop, gammafunk_ghost_arena, nicolae_ossuary_entry_giza,
          uniq_robin, uniq_natasha
D:5:      layout_gridville, ebering_ghost_sewer_d, kennysheep_generic_room_7,
          uniq_crazy_yiuf_cottage
D:6:      layout_rooms, serial_rivers, chequers_serial_rivers_micro_e,
          chequers_serial_rivers_large_b, chequers_serial_rivers_micro_b,
          chequers_serial_rivers_room_b, chequers_serial_rivers_micro_c,
          chequers_serial_rivers_micro_c, hangedman_decor_clover_reticule
D:7:      layout_basic, lemuel_round_altar, uniq_jeremiah
D:8:      layout_rooms, serial_shops, shop, minivault_4, uniq_gastronok
D:9:      layout_rooms, enter_bailey_3, serial_shops, nicolae_shop_scrapyard,
          kennysheep_path_1, kennysheep_opposing_triangles, uniq_amaemon
D:10:     layout_roguey, overflow_temple_1_default, dpeg_lair_monsters,
          erik_orc_3
D:11:     layout_basic, uniq_erica, uniq_harold
D:12:     layout_loops_ring, serial_shops, nicolae_shop_tiny_glass,
          nicolae_square_shop, kennysheep_mini, bh_walls_and_bars, uniq_azrael,
          uniq_snorg

Skill      XL: |  1  2  3  4  5  6  7  8  9 10 11 12 13 |
---------------+----------------------------------------+-----
Stealth        | 2 3 4 6 8 9 10 11 | 11.3
Fighting       | 3 4 5 7 8 9 10 | 10.5
Dodging        | 3 4 5 7 8 9 10 | 10.5
Ranged Weapons | 5 6 8 9 10 11 | 11.1
Invocations    | 9 |  9.0

Action                     |  1- 3 |  4- 6 |  7- 9 | 10-12 | 13-15 || total
---------------------------+-------+-------+-------+-------+-------++-------
  Melee: War axe           |       |     5 |       |       |       ||     5
         Hand axe          |       |    86 |       |       |       ||    86
         Punch             |       |     1 |       |       |       ||     1
   Fire: Shortbow          |   119 |    80 |       |       |       ||   199
         Sling             |       |    26 |   218 |   319 |   109 ||   672
 Invoke: Ancestor Life: He |       |       |     1 |       |       ||     1
         Transference      |       |       |       |     4 |       ||     4
  Evoke: Wand              |       |     1 |     2 |     2 |       ||     5
         Phantom mirror    |       |       |       |     2 |     1 ||     3
    Use: Scroll            |       |    10 |    13 |     5 |     5 ||    33
         Potion            |       |       |       |     4 |     5 ||     9
 Armour: Leather armour    |     4 |       |       |       |       ||     4
         Ring mail         |    20 |   130 |    29 |    59 |    45 ||   283
  Dodge: Dodged            |    32 |   142 |    30 |    59 |    39 ||   302

Table legend: (Time is in decaauts)
 A = Elapsed time spent in this place.
 B = Non-inter-level travel time spent in this place.
 C = Inter-level travel time spent in this place.
 D = Time resting spent in this place.
 E = Time spent auto-exploring this place.
 F = Levels seen in this place.
 G = Mean time per level.
                   A        B        C        D        E       F      G
               +--------+--------+--------+--------+--------+-----+--------+
         Total |  10208 |   9911 |    297 |   1335 |   5865 |  14 |  729.1 |
       Dungeon |   9477 |   9180 |    297 |   1177 |   5708 |  12 |  789.8 |
       Ossuary |    258 |    258 |      0 |      0 |     58 |   1 |  258.0 |
        Bailey |    472 |    472 |      0 |    158 |     99 |   1 |  472.0 |
               +--------+--------+--------+--------+--------+-----+--------+

Top non-repeatable levels by time:
     D:4: 1408 daAuts
    D:11: 1090 daAuts
     D:7: 922 daAuts
    D:10: 915 daAuts
     D:9: 914 daAuts
     D:5: 799 daAuts
     D:3: 695 daAuts
     D:1: 680 daAuts
     D:6: 586 daAuts
     D:8: 571 daAuts
    D:12: 499 daAuts
  Bailey: 472 daAuts
     D:2: 394 daAuts
 Ossuary: 258 daAuts
